 Dungeon Sprint DCSS version 0.28-a0-863-g8cecda6153 (webtiles) character file.

Game seed: 7098809311563699570

4109 Turgor the Cleaver (level 10, -9/166 HPs)
             Began as a Troll Berserker on Nov 16, 2021.
             Was a High Priest of Trog.
             Mangled by an eight-headed hydra (12 damage)
             ... in the Dungeon (Sprint IX: "|||||||||||||||||||||||||||||").
             The game lasted 00:05:38 (532 turns).

Turgor the Cleaver (Troll Berserker)                 Turns: 532, Time: 00:05:38

Health: -9/166     AC: 11    Str: 28    XL:     10   Next: 6%
Magic:  9/9        EV: 12    Int:  4    God:    Trog [*****.]
Gold:   0          SH:  0    Dex: 10    Spells: 9/9 levels left

rFire   + . .      SeeInvis .   k - +3 war axe (vorpal)
rCold   . . .      Faith    .   (no shield)
rNeg    . . .      Spirit   .   n - +0 acid dragon scales
rPois   .          Reflect  .   (helmet restricted)
rElec   .          Harm     .   (no cloak)
rCorr   +          Rampage  .   (gloves unavailable)
Will    ++...      NoTele   +   (boots unavailable)
Stlth   ..........              (no amulet)
HPRegen 2.37/turn               o - ring of protection from fire
MPRegen 0.11/turn               m - +2 ring of protection

@: berserking, strong-willed, regenerating, slowed
A: large, unfitting armour, claws 3, regeneration 1, shaggy fur 1, tough skin 1
a: Renounce Religion, Berserk, Trog's Hand, Brothers in Arms


You were in the Dungeon.
You worshipped Trog.
Trog was extremely pleased with you.
You visited 1 branch

Inventory:

Hand Weapons
 a - a +0 hand axe
 k - a +3 vorpal war axe (weapon)
Armour
 n - +0 acid dragon scales (worn)
Jewellery
 l - a +2 ring of evasion
 m - a +2 ring of protection (right claw)
 o - a ring of protection from fire (left claw)
Wands
 j - a wand of acid (8)
Scrolls
 h - 2 scrolls of blinking
 p - 3 scrolls of identify
 q - 2 scrolls of fog
Potions
 b - 3 potions of might
 c - 5 potions of curing
 d - 3 potions of heal wounds
 e - a potion of haste
 f - 4 potions of magic
 g - 2 potions of berserk rage
 i - a potion of invisibility


   Skills:
 + Level 10.6 Fighting
 * Level 14.5 Axes
 + Level 3.9 Armour
 - Level 9.0 Dodging


You had 9 spell levels left.
You didn't know any spells.
Your spell library was empty.

Dungeon Overview and Level Annotations

Branches:
Dungeon (1/1)

Altars:
Cheibriados
Dithmenos
Elyvilon
Fedhas
Gozag
Hepliaklqana
Kikubaaqudgha
Makhleb
Nemelex Xobeh
Okawaru
Qazlal
Ru
Sif Muna
Trog
Uskayaw
Vehumet
Wu Jian
Xom
Yredelemnul
Zin
The Shining One
Beogh
Jiyva
Lugonu


Innate Abilities, Weirdness & Mutations

You are too large for most types of armour.
You have claws for hands.
Your natural rate of healing is unusually fast.
You are covered in fur. (AC +1)
You have tough skin. (AC +1)


Message History

The five-headed hydra is moderately wounded.
The five-headed hydra closely misses you.
The five-headed hydra bites you. x2; The five-headed hydra bites you!
The five-headed hydra closely misses you.
The blink frog blinks!
A blink frog comes into view.
The blink frog gives a loud, deep croak!
You hack one of the five-headed hydra's heads off!
The four-headed hydra grows two more!
You slash the six-headed hydra!
The six-headed hydra is moderately wounded.
You hear an angry hiss.
The six-headed hydra bites you. The six-headed hydra barely misses you.
The six-headed hydra bites you!
The six-headed hydra closely misses you.
The six-headed hydra bites you! x2
* * * LOW HITPOINT WARNING * * *
You slice one of the six-headed hydra's heads off!
The five-headed hydra grows two more!
You slice the seven-headed hydra!!
The seven-headed hydra is heavily wounded.
The blink frog blinks!
The seven-headed hydra bites you!
* * * LOW HITPOINT WARNING * * *
The seven-headed hydra bites you!
* * * LOW HITPOINT WARNING * * *
The seven-headed hydra bites you!
* * * LOW HITPOINT WARNING * * *
The seven-headed hydra bites you but does no damage.
The seven-headed hydra misses you. The seven-headed hydra bites you.
* * * LOW HITPOINT WARNING * * *
The seven-headed hydra bites you but does no damage.
You hack one of the seven-headed hydra's heads off!
The six-headed hydra grows two more!
You slash the eight-headed hydra!
The eight-headed hydra is heavily wounded.
The boulder beetle leaps!
The eight-headed hydra bites you but does no damage.
The eight-headed hydra bites you!
* * * LOW HITPOINT WARNING * * *
The eight-headed hydra misses you. x2
The eight-headed hydra barely misses you.
The eight-headed hydra bites you!
You die...

▓†▓.▓_▓
▓.▓.▓_▓
▓.▓.▓_▓
▓.▓.▓_▓
▓.▓.▓_▓
▓.▓.▓_▓
▓.▓.▓_▓
▓F▓.▓_▓
▓@▓.▓_▓
▓D▓.▓_▓
▓w▓.▓_▓
▓l▓.▓_▓
▓.▓.▓_▓
▓h▓.▓_▓
▓.▓.▓_▓
▓F▓.▓_▓
▓.▓_▓


You could see an eight-headed hydra (corroded), a torpor snail (corroded), a
komodo dragon (corroded), 2 blink frogs and a black bear.

Vanquished Creatures
  A cane toad (D)
  An unseen horror (D)
  2 komodo dragons (D)
  A troll (D)
  A shadow (D)
  5 yaks (D)
  2 bullfrogs (D)
  A hell rat (D)
  A gnoll (D)
  2 adders (D)
  A worm (D)
  A ball python (D)
  A bat (D)
  A bat skeleton (D)
  2 bat zombies (D)
  An endoplasm (D)
  2 goblins (D)
26 creatures vanquished.

Vanquished Creatures (collateral kills)
  A centaur warrior (D)
  A skeletal warrior (D)
  An ugly thing (D)
  A vampire mosquito (D)
  An acid dragon (D)
  An orc wizard (D)
6 creatures vanquished.

Grand Total: 32 creatures vanquished

Notes
Turn   | Place    | Note
-------+----------+-------------------------------------------
     0 | D        | Turgor the Troll Berserker began the quest for the Orb.
     0 | D        | Reached XP level 1. HP: 22/22 MP: 0/0
     1 | D        | Banished a spatial maelstrom
     9 | D        | Reached ** piety under Trog
    10 | D        | Reached skill level 3 in Axes
    31 | D        | Reached XP level 2. HP: 24/31 MP: 1/1
    45 | D        | Reached *** piety under Trog
    46 | D        | Reached skill level 4 in Axes
    56 | D        | Reached XP level 3. HP: 28/37 MP: 2/2
    73 | D        | Found a snail-covered altar of Cheibriados.
    73 | D        | Found a shadowy altar of Dithmenos.
    73 | D        | Found a white marble altar of Elyvilon.
    73 | D        | Found a blossoming altar of Fedhas.
    73 | D        | Found an opulent altar of Gozag.
    74 | D        | Found a hazy altar of Hepliaklqana.
    75 | D        | Found a viscous altar of Jiyva.
    76 | D        | Found an ancient bone altar of Kikubaaqudgha.
    77 | D        | Found a corrupted altar of Lugonu.
    78 | D        | Found a burning altar of Makhleb.
    79 | D        | Found a sparkling altar of Nemelex Xobeh.
    80 | D        | Found an iron altar of Okawaru.
    81 | D        | Found a stormy altar of Qazlal.
    82 | D        | Found a sacrificial altar of Ru.
    83 | D        | Found a shimmering blue altar of Sif Muna.
    84 | D        | Found a bloodstained altar of Trog.
    85 | D        | Found a hide-covered altar of Uskayaw.
    86 | D        | Found a radiant altar of Vehumet.
    87 | D        | Found an ornate altar of the Wu Jian Council.
    88 | D        | Found a shimmering altar of Xom.
    89 | D        | Found a basalt altar of Yredelemnul.
    90 | D        | Found a glowing silver altar of Zin.
    91 | D        | Found a glowing golden altar of the Shining One.
   119 | D        | Noticed a yak
   119 | D        | Noticed a shadow
   119 | D        | Noticed a troll
   123 | D        | Killed a yak
   123 | D        | Reached **** piety under Trog
   124 | D        | Reached skill level 5 in Fighting
   124 | D        | Reached skill level 7 in Axes
   124 | D        | Reached skill level 5 in Dodging
   124 | D        | Reached XP level 4. HP: 50/50 MP: 3/3
   124 | D        | Reached XP level 5. HP: 57/57 MP: 4/4
   130 | D        | Killed an unseen horror
   131 | D        | Reached skill level 9 in Axes
   131 | D        | Reached XP level 6. HP: 54/68 MP: 5/5
   134 | D        | Killed a shadow
   135 | D        | Reached XP level 7. HP: 45/78 MP: 6/6
   137 | D        | Killed a troll
   138 | D        | Reached skill level 10 in Axes
   189 | D        | Noticed a skeletal warrior
   189 | D        | Noticed a centaur warrior
   189 | D        | Noticed a purple ugly thing
   189 | D        | Noticed a vampire mosquito
   193 | D        | Killed a skeletal warrior
   194 | D        | Reached skill level 11 in Axes
   194 | D        | Reached XP level 8. HP: 89/89 MP: 7/7
   194 | D        | Killed a centaur warrior
   195 | D        | Reached skill level 12 in Axes
   198 | D        | Killed a purple ugly thing
   198 | D        | Reached ***** piety under Trog
   199 | D        | Reached skill level 13 in Axes
   199 | D        | Reached XP level 9. HP: 100/100 MP: 8/8
   431 | D        | Noticed a cane toad
   431 | D        | Noticed a komodo dragon
   434 | D        | Received a gift from Trog
   439 | D        | Reached skill level 1 in Armour
   440 | D        | Noticed a komodo dragon
   444 | D        | Killed a cane toad
   445 | D        | Reached skill level 10 in Fighting
   450 | D        | Killed a komodo dragon
   451 | D        | Reached skill level 14 in Axes
   472 | D        | Killed a komodo dragon
   473 | D        | Reached XP level 10. HP: 45/111 MP: 9/9
   524 | D        | Noticed a four-headed hydra
   524 | D        | Noticed a torpor snail
   524 | D        | Noticed a boulder beetle
   527 | D        | Received a gift from Trog
   531 | D        | HP: 8/166 [seven-headed hydra (3)]
   532 | D        | HP: 3/166 [eight-headed hydra (7)]
   532 | D        | Mangled by an eight-headed hydra

Illustrated notes

Levels and vault maps discovered:
D:        linesprint [early_d, line_temple, items_1, d_10, items_2, lair_1,
          lair_end, items_3, orc_1, orc_end, items_4, d_15, swamp_1, shoals_1,
          snake_1, spider_1, d_20, vaults_1, items_5, swamp_end, shoals_end,
          snake_end, spider_end, vaults_end, d_27, items_6, zot_1, zot_end,
          crypt_end, forest_end, elf_end, slime_end, tomb_end, abyss_end,
          pan_hell_end]

Skill      XL: |  1  2  3  4  5  6  7  8  9 |
---------------+----------------------------+-----
Axes           | 3 4 7 9 11 13 14 | 14.5
Fighting       | 3 5 6 7 8 9 10 | 10.6
Dodging        | 3 5 6 7 8 9 |  9.0
Armour         | 3 |  3.9

Action                   |  1- 3 |  4- 6 |  7- 9 | 10-12 || total
-------------------------+-------+-------+-------+-------++-------
Melee: Hand axe          |    46 |       |       |       ||    46
       War axe           |     3 |     9 |    44 |     4 ||    60
Invok: Berserk           |     1 |       |       |     1 ||     2
       Brothers in Arms  |       |       |     1 |       ||     1
       Trog's Hand       |       |       |       |     1 ||     1
Evoke: Wand              |       |       |       |     2 ||     2
Armor: Animal skin       |     9 |     2 |     2 |       ||    13
       Acid dragon scale |       |       |     6 |     9 ||    15
Dodge: Dodged            |    36 |       |    19 |    14 ||    69

Table legend: (Time is in decaauts)
 A = Elapsed time spent in this place.
 B = Non-inter-level travel time spent in this place.
 C = Inter-level travel time spent in this place.
 D = Time resting spent in this place.
 E = Time spent auto-exploring this place.
 F = Levels seen in this place.
 G = Mean time per level.
                   A        B        C        D        E       F      G
               +--------+--------+--------+--------+--------+-----+--------+
         Total |    538 |    538 |      0 |    194 |      0 |   1 |  538.0 |
       Dungeon |    538 |    538 |      0 |    194 |      0 |   1 |  538.0 |
               +--------+--------+--------+--------+--------+-----+--------+

Top non-repeatable levels by time:
       D: 538 daAuts
